 Dungeon Crawl Stone Soup version 0.20.1-1-g8b1a95d66d (webtiles) character file.

135 Gargoyl the Skirmisher (level 4, -2/40 HPs)
             Began as a Centaur Abyssal Knight on Dec 8, 2017.
             Was a Believer of Lugonu.
             Slain by a gnoll
             ... wielding a cursed -3 halberd
              (3 damage)
             ... on level 2 of the Dungeon.
             The game lasted 00:04:52 (2735 turns).

Gargoyl the Skirmisher (Centaur Abyssal Knight)     Turns: 2735, Time: 00:04:52

Health: -2/40      AC:  6    Str: 14    XL:     4   Next: 96%
Magic:  5/5        EV:  7    Int: 11    God:    Lugonu [**....]
Gold:   83         SH:  0    Dex: 14    Spells: 3/3 levels left

rFire    . . .     SeeInvis .   i - +4 triple sword of the Immovable Eyes {speed, rElec Dex+4}
rCold    . . .     Gourm    .   (shield currently unavailable)
rNeg     . . .     Faith    .   f - +0 scale mail
rPois    .         Spirit   .   (no helmet)
rElec    +         Reflect  .   (no cloak)
rCorr    .         Harm     .   (no gloves)
MR       .....                  (no barding)
Stlth    ..........             (no amulet)
Regen    0.2/turn               (no ring)
MPRegen  0.1/turn               (no ring)

@: very quick
A: hooves 3, deformed body, speed 2, tough skin 3
a: Depart the Abyss, Bend Space, Renounce Religion


You were on level 2 of the Dungeon.
You worshipped Lugonu.
Lugonu was pleased with you.
You were very hungry.

You visited 1 branch of the dungeon, and saw 3 of its levels.
You visited the Abyss 1 time.

You collected 83 gold pieces.

Inventory:

Hand Weapons
 a - a +1 hand axe
 i - the +4 triple sword of the Immovable Eyes (weapon) {speed, rElec Dex+4}
   (You found it on level 3 of the Abyss)

   Attacks with this weapon are significantly faster.
   It affects your dexterity (+4).
   It insulates you from electricity.
Armour
 f - a +0 scale mail (worn)
 g - a +2 shield of protection
Wands
 p - a wand of confusion (28/48)
Scrolls
 l - a scroll of enchant weapon {unknown}
 m - 2 scrolls of amnesia
Potions
 b - a potion of flight {unknown}
 d - a potion of agility
 e - a potion of might
 h - a potion of mutation {unknown}
 o - 3 potions of lignification {unknown}
 q - 2 potions of curing {unknown}
 r - 2 potions of heal wounds {unknown}
Books
 j - a book of Air

   Spells                             Type                      Level
   a - Shock                          Conjuration/Air              1
   b - Swiftness                      Charms/Air                   2
   c - Static Discharge               Conjuration/Air              3
   d - Airstrike                      Air                          4
   e - Lightning Bolt                 Conjuration/Air              5
 k - a book of Misfortune

   Spells                             Type                      Level
   a - Confusing Touch                Hexes                        1
   b - Confuse                        Hexes                        3
   c - Gell's Gravitas                Translocation                3
   d - Petrify                        Transmutation/Earth          4
   e - Metabolic Englaciation         Hexes/Ice                    5
   f - Yara's Violent Unravelling     Hexes/Transmutation          5
Comestibles
 c - a bread ration
 n - 2 royal jellies


   Skills:
 + Level 3.8 Fighting
 + Level 2.1 Long Blades
 + Level 2.0 Axes
 * Level 2.2 Armour
 + Level 0.9 Dodging
 * Level 2.5 Invocations


You had 3 spell levels left.
You didn't know any spells.

Dungeon Overview and Level Annotations

Branches:
Dungeon (3/15)

Altars:


Innate Abilities, Weirdness & Mutations

You have hooves in place of feet.
Armour fits poorly on your strangely shaped body.
You cover ground very quickly.
You have extremely tough skin. (AC +3)


Message History

The gnoll hits you with a halberd of chopping.
The gnoll barely misses you.
You hit the gnoll. You kick the gnoll, but do no damage.
The gnoll is heavily wounded.
The gnoll hits you with a halberd of chopping!
* * * LOW HITPOINT WARNING * * *
x2 The gnoll hits you with a halberd.
* * * LOW HITPOINT WARNING * * *
Unknown command.
You barely miss the gnoll.
The gnoll is heavily wounded.
The gnoll barely misses you. The gnoll closely misses you.
You riposte.
You closely miss the gnoll. You kick the gnoll.
The gnoll is severely wounded.
You hit the gnoll. Your kick misses the gnoll.
The gnoll is severely wounded.
The gnoll hits you with a halberd of chopping.
* * * LOW HITPOINT WARNING * * *
x2 The gnoll hits you with a halberd.
You die...

#.#...# #.# #.##.#.# #.#.#.#
#.# #.##...# #.#.#.# #.#
#.###..## #.#)#.# #.#
#.###...####### ####
#.#.#.###.# #..............
...#
#.#.#.....####....#>..######
.<.# #.#.#.####...#.)..#.#.#
...# #.#.######..g#....###.#
### #'##
#....<.....@g.....#.'.# #.. #.#
###'#.##########'##.#≈####.#
#.#
#..............#.##.#≈##...#
#†#
#.....########.#.##.#≈#..###
#.####..............#.##.+.#..#
#.#......##.#########.####.#..#
#.#.#######.#########.# #..#.#
......................# ##...#
#.#.#######.############# ##..#


You could see 2 gnolls.

Vanquished Creatures
  6 gnolls (D:2)
  2 adders (D:2)
  2 worms (D:2)
  A dart slug (D:1)
  6 bats
  5 giant cockroaches
  9 goblins
  3 hobgoblins (D:1)
  6 jackals (D:1)
  A quokka (D:2)
  A ball python (D:2)
  3 frilled lizards
  4 kobolds
  3 rats (D:2)
52 creatures vanquished.

Notes
Turn   | Place    | Note
-------+----------+-------------------------------------------
     0 | Abyss:1  | Gargoyl the Centaur Abyssal Knight began the quest for the Orb.
     0 | Abyss:1  | Reached XP level 1. HP: 19/19 MP: 2/2
   114 | Abyss:1  | Noticed an orange demon
   121 | Abyss:2  | Found a corrupted altar of Lugonu.
   144 | Abyss:2  | Noticed a smoke demon
   227 | Abyss:3  | Found a corrupted altar of Lugonu.
   256 | Abyss:3  | Got a jewelled triple sword
   282 | Abyss:3  | Noticed a large abomination
   282 | D:1      | Escaped the Abyss
   288 | D:1      | Identified the +4 triple sword of the Immovable Eyes {speed, rElec Dex+4} (You found it on level 3 of the Abyss)
   402 | D:1      | Reached * piety under Lugonu
   418 | D:1      | Reached XP level 2. HP: 26/26 MP: 3/3
  1251 | D:1      | Reached XP level 3. HP: 31/31 MP: 4/4
  1746 | D:2      | Reached skill level 1 in Long Blades
  1856 | D:2      | Reached XP level 4. HP: 34/39 MP: 5/5
  2730 | D:2      | Reached ** piety under Lugonu
  2735 | D:2      | HP: 2/40 [gnoll/halberd of chopping (4)]
  2735 | D:2      | Slain by a gnoll

Skill      XL: |  1  2  3  4 |
---------------+-------------+-----
Axes           | 2 |  2.0
Long Blades    | 1 2 |  2.1
Armour         | 2 |  2.2
Fighting       | |  3.8
Dodging        | |  0.9
Invocations    | |  2.5

Action                   |  1- 3 |  4- 6 || total
-------------------------+-------+-------++-------
Melee: Triple sword      |    84 |    31 ||   115
       Kick              |    14 |     6 ||    20
Invok: Depart the Abyss  |     1 |       ||     1
  Use: Potion            |     3 |       ||     3
       Scroll            |     6 |       ||     6
  Eat: Chunk             |     1 |     2 ||     3
Armor: Scale mail        |    50 |    14 ||    64
Dodge: Dodged            |    28 |    19 ||    47
       Rpst.: Triple sword |    11 |     9 ||    20
